 Dungeon Crawl Stone Soup version 0.24-a0-530-g18ba70b503 (webtiles) character file.

Game seed: 14650375951356922559

584 Mithandil the Conjurer (level 7, -13/39 HPs)
             Began as a Tengu Conjurer on Aug 8, 2019.
             Mangled by an ogre
             ... wielding a +0 giant club
              (28 damage)
             ... on level 4 of the Dungeon.
             The game lasted 00:27:09 (4061 turns).

Mithandil the Conjurer (Tengu Conjurer)             Turns: 4061, Time: 00:27:10

Health: -13/39     AC:  3    Str:  8 (10) XL:     7   Next: 37%
Magic:  5/14       EV: 15    Int: 15      God:
Gold:   106        SH:  0    Dex: 13 (15) Spells: 0/14 levels left

rFire    . . .     SeeInvis .   a - +1 mace (protect)
rCold    . . .     Gourm    .   (no shield)
rNeg     . . .     Faith    .   m - +0 leather armour
rPois    .         Spirit   .   (helmet restricted)
rElec    .         Reflect  .   (no cloak)
rCorr    .         Harm     .   (no gloves)
MR       .....                  (boots unavailable)
Stlth    ++........             (no amulet)
HPRegen  0.13/turn              (no ring)
MPRegen  0.14/turn              (no ring)

@: flying quickly and evasively, quick
A: beak, talons 3, able to fly
a: Stop Flying


You were on level 4 of the Dungeon.
You were hungry.

You visited 1 branch of the dungeon, and saw 5 of its levels.

You collected 106 gold pieces.

Inventory:

Hand Weapons
 a - a +1 mace of protection (weapon)
 b - a +0 spear
 g - a +2 dagger of speed
 l - a +1 dagger of draining
Missiles
 d - 12 silver javelins (quivered)
 e - 9 poisoned darts
 i - 54 bolts
 q - 38 arrows
 s - 2 boomerangs of dispersal
Armour
 m - a +0 leather armour (worn)
Jewellery
 k - an uncursed ring of ice
Wands
 f - a wand of acid (6)
Scrolls
 j - a scroll of blinking
 o - a scroll of teleportation
 p - a scroll of remove curse
 t - a scroll of identify
Potions
 h - a potion of flight {unknown}
 n - 2 potions of curing
 r - a potion of agility {unknown}
Comestibles
 c - 6 rations
 u - 3 chunks of flesh


   Skills:
 + Level 1.8 Fighting
 + Level 3.7 Dodging
 + Level 3.6 Stealth
 * Level 4.2 Spellcasting
 * Level 7.5 Conjurations
 + Level 1.3 Translocations


You couldn't memorise any spells.
You knew the following spells:

 Your Spells              Type           Power        Failure   Level  Hunger
a - Magic Dart            Conj           ####         1%          1    None
b - Searing Ray           Conj           ####..       1%          2    ##.....
c - Force Lance           Conj/Tloc      ###.....     38%         4    ####...
d - Iskenderun's Mystic   Conj           ####....     12%         4    ####...
s - Dazzling Spray        Conj/Hex       ##....       16%         3    ###....

Your spell library contained the following spells:

 Spells                   Type           Power        Failure   Level  Hunger
 Fulminant Prism          Conj/Hex       ##........   47%         4    ####...


Dungeon Overview and Level Annotations

Branches:
Dungeon (5/15)
 Temple: D:4-7

Altars:
Hepliaklqana
Qazlal
Xom


Innate Abilities, Weirdness & Mutations

You have a beak for a mouth.
You have claws for feet.
You can fly continuously.


Message History

You see here a jackal corpse.
You butcher the jackal corpse.
u - 3 chunks of flesh (gained 1)
You see here a jackal skeleton.
You see here 8 bolts.
Casting: Magic Dart (safe; 1% risk of failure)
Confirm with . or Enter, or press ? or * to list all spells.
Aiming: Searing Ray (safe; 1% risk of failure)
Press: ? - help, Shift-Dir - straight line, f - ogre
Aim: an ogre, wielding a +0 giant club The searing ray hits the ogre.
The ogre is moderately wounded. (Press . to maintain the ray.)
The ogre hits you with a +0 giant club!!
Ouch! That really hurt!
The searing ray hits the ogre!
The ogre is heavily wounded.
The ogre hits you with a +0 giant club!!
Ouch! That really hurt!
You die...

......# . .. #.....###.# ##
##.....#...# #### ........#
##...
###########.#....#######..##
#......<....##÷.............
#.........####.##.###.......
#.........#.......# .......
#.........O@#÷##### .......
#.........###.# ##.###.
#.........# #.# # ##
#.........# #.# .#
#.........# #.# .# ## ..
#.#########.###. #
##...........##..
#####...........###.#
#...............##÷..


You could see an ogre.

Vanquished Creatures
  An ogre (D:4)
  2 scorpions (D:4)
  A crimson imp (D:4)
  A hound (D:4)
  Jessica (D:3)
  A bullfrog skeleton (D:4)
  2 iguanas (D:4)
  A worker ant (D:4)
  Robin (D:2)
  4 gnolls (D:3)
  5 adders
  3 oozes
  3 worms
  3 dart slugs
  2 orcs (D:3)
  10 bats
  19 goblins
  5 hobgoblins
  6 jackals (D:4)
  3 quokkas
  8 frilled lizards
  6 kobolds
  A quokka skeleton (D:4)
  11 rats
100 creatures vanquished.

Notes
Turn   | Place    | Note
-------+----------+-------------------------------------------
     0 | D:1      | Mithandil the Tengu Conjurer began the quest for the Orb.
     0 | D:1      | Reached XP level 1. HP: 10/10 MP: 4/4
   142 | D:1      | Reached XP level 2. HP: 13/15 MP: 0/6
   146 | D:1      | Learned a level 2 spell: Searing Ray
   459 | D:1      | Reached XP level 3. HP: 19/19 MP: 3/7
  1092 | D:2      | Noticed Robin
  1102 | D:2      | Reached skill level 6 in Conjurations
  1102 | D:2      | Reached XP level 4. HP: 19/24 MP: 1/9
  1423 | D:2      | Killed Robin
  1926 | D:2      | Found a shimmering altar of Xom.
  1927 | D:2      | Found a hazy altar of Hepliaklqana.
  1927 | D:2      | Noticed a caustic shrike
  1928 | D:2      | Noticed a caustic shrike
  1928 | D:2      | Noticed a spectral ugly thing
  2121 | D:3      | Learned a level 4 spell: Force Lance
  2127 | D:3      | Noticed Jessica
  2129 | D:3      | Gained mutation: You can fly continuously. [Tengu growth]
  2129 | D:3      | Reached XP level 5. HP: 28/28 MP: 8/10
  2134 | D:3      | Killed Jessica
  2727 | D:4      | Noticed an ogre
  3061 | D:4      | Reached XP level 6. HP: 28/33 MP: 12/12
  3193 | D:4      | Found a stormy altar of Qazlal.
  3403 | D:4      | Reached skill level 1 in Fighting
  3403 | D:4      | Reached skill level 7 in Conjurations
  3537 | D:4      | Reached skill level 1 in Translocations
  3599 | D:4      | Learned a level 4 spell: Iskenderun's Mystic Blast
  3680 | D:4      | Reached XP level 7. HP: 36/38 MP: 1/14
  3687 | D:4      | Learned a level 3 spell: Dazzling Spray
  4014 | D:5      | Entered Level 5 of the Dungeon
  4061 | D:4      | Mangled by an ogre

Levels and vault maps discovered:
D:1:      lightli_arrival_statue_moat, layout_rooms, serial_corexii_hall,
          corexii_hall_statues_u, chequers_hall_statues_wall_a,
          corexii_hall_statues_i, corexii_hall_statues_i,
          corexii_hall_statues_l, corexii_hall_statues_u, minmay_pentomino_x4
D:2:      layout_rooms, regret_index_temple_of_mockery, uniq_robin
D:3:      minmay_evil_eye, layout_basic, first_ration, uniq_jessica
D:4:      layout_rooms, nicolae_overflow_crystal_walls, elyvilon_altar_4,
          nicolae_overflow_hidden_temple
D:5:      layout_gridville, minmay_temple_entry_glassed_door, uniq_grinder

Skill      XL: |  1  2  3  4  5  6 |
---------------+-------------------+-----
Conjurations   | 6 7 |  7.5
Spellcasting   | 3 4 |  4.2
Dodging        | 3 |  3.7
Stealth        | 3 |  3.6
Fighting       | 1 |  1.8
Translocations | 1 |  1.3

Action                   |  1- 3 |  4- 6 |  7- 9 || total
-------------------------+-------+-------+-------++-------
Melee: Dagger            |    16 |    33 |       ||    49
       Peck              |     4 |     9 |     2 ||    15
       Kick              |     4 |     7 |     4 ||    15
       Mace              |       |     9 |    11 ||    20
       Spear             |       |     8 |       ||     8
 Cast: Magic Dart        |    66 |    79 |    16 ||   161
       Searing Ray       |       |    14 |     6 ||    20
 Abil: Fly               |       |     1 |       ||     1
  Use: Scroll            |       |     9 |       ||     9
       Potion            |       |     3 |       ||     3
  Eat: Chunk             |     1 |     9 |     1 ||    11
Armor: Leather armour    |     5 |    27 |     6 ||    38
Dodge: Dodged            |    12 |    57 |    17 ||    86

Table legend:
 A = Non-vault XP
 B = Vault XP
 C = Vault XP percentage of total XP
 D = Non-vault monster count
 E = Vault monster count
 F = Vault count percentage of total count
                 A         B        C        D         E       F
            +---------+---------+-------+---------+---------+-------
      Total |     751 |      84 |  10.1 |      83 |      17 |  17.0
            +---------+---------+-------+---------+---------+-------
        D:1 |      44 |       5 |  10.2 |      23 |       3 |  11.5
        D:2 |      81 |      32 |  28.3 |      22 |      10 |  31.2
        D:3 |      76 |      47 |  38.2 |      17 |       4 |  19.0
        D:4 |     550 |       0 |   0.0 |      21 |       0 |   0.0
            +---------+---------+-------+---------+---------+-------
